 Dungeon Crawl Stone Soup version 0.30-a0-748-ge6a52f7cba (webtiles) character file.

Game seed: 1378375211151764209

120 Dittersdorf the Covered (level 5, -1/33 HPs)
             Began as a Gargoyle Fighter on Feb 8, 2023.
             Slain by Crazy Yiuf
             ... wielding a +4 quarterstaff of chaos
              (7 damage)
             ... on level 2 of the Dungeon.
             The game lasted 00:04:41 (2112 turns).

Dittersdorf the Covered (Gargoyle Fighter)          Turns: 2112, Time: 00:04:41

Health: -1/33      AC: 13    Str: 22    XL:     5   Next: 4%
Magic:  3/5        EV: 15    Int:  8    God:
Gold:   121        SH:  4    Dex:  9    Spells: 4/4 levels left

rFire   + + +      SeeInvis .    a - +0 flail
rCold   + + +      Faith    .    c - +0 buckler
rNeg    + . .      Spirit   .    q - +4 ring mail "Ceuffade" {rF++ rC+++}
rPois   ∞          Reflect  .    (no helmet)
rElec   +          Harm     .    (no cloak)
rCorr   +          Rampage  .    (no gloves)
Will    .....                    (no boots) Stlth
                                 e - amulet of regeneration
HPRegen 1.05/turn                l - +5 ring of evasion
MPRegen 0.09/turn                (no ring)

@: resistant
A: sickness immunity, AC +4, negative energy resistance 1, electricity
resistance, torment resistance 1, petrification resistance
a: no special abilities


You were on level 2 of the Dungeon.
You visited 1 branch of the dungeon, and saw 2 of its levels.

You collected 121 gold pieces.

Inventory:

Hand Weapons
 a - a +0 flail (weapon)
Missiles
 i - a poisoned dart (quivered)
Armour
 c - a +0 buckler (worn)
 q - the +4 ring mail "Ceuffade" (worn) {rF++ rC+++}
   (You found it on level 2 of the Dungeon)

   rF:        It greatly protects you from fire.
   rC:        It renders you almost immune to cold.
Jewellery
 e - an amulet of regeneration (around neck)
 l - a +5 ring of evasion (left hand)
Scrolls
 b - a scroll of immolation {unknown}
 f - 2 scrolls of noise {unknown}
 g - 2 scrolls of magic mapping {unknown}
 h - 3 scrolls of teleportation {unknown}
 j - 3 scrolls of fear {unknown}
 k - a scroll of summoning {unknown}
 m - a scroll of brand weapon {unknown}
 n - a scroll of acquirement {unknown}
 r - a scroll of identify {unknown}
Potions
 d - a potion of might
 o - a potion of flight {unknown}
 p - a potion of curing {unknown}


   Skills:
 + Level 4.1 Fighting
 + Level 3.0 Maces & Flails
 + Level 4.1 Armour
 + Level 4.1 Shields


You had 4 spell levels left.
You didn't know any spells.
Your spell library contained the following spells:

 Spells                   Type           Power      Damage    Failure   Level
 Magic Dart               Conj           0%         1d3       65%         1
 Call Imp                 Summ           0%         N/A       80%         2
 Mephitic Cloud           Conj/Pois/Air  0%         N/A       95%         3


Dungeon Overview and Level Annotations

Branches:
Dungeon (2/15)

Altars:
Cheibriados

Annotations:
D:2 Crazy Yiuf


Innate Abilities, Weirdness & Mutations

You are immune to sickness and miasma.
Your stone body is resilient. (AC +4)
You are immune to poison.
You resist negative energy. (rN+)
You are resistant to electric shocks. (rElec)
You are resistant to unholy torment.
You are immune to petrification.


Message History

You feel your power leaking away.
Throw: 4 darts (poison)
Press: ? - help, Q - select action Shift-Dir - straight line, f/p - Crazy Yiuf
Aim: Crazy Yiuf, wielding a +4 quarterstaff of chaos and wearing a +0 cloak (60% to hit)
You throw a poisoned dart.
The poisoned dart barely misses Crazy Yiuf.
Crazy Yiuf says, "Buddy tortoise Hive!"
Crazy Yiuf hits you with a +4 quarterstaff of chaos.
You feel protected.
Throw: 3 darts (poison)
Press: ? - help, Q - select action Shift-Dir - straight line, f/p - Crazy Yiuf
Aim: Crazy Yiuf, wielding a +4 quarterstaff of chaos and wearing a +0 cloak (60% to hit)
You throw a poisoned dart. The poisoned dart hits Crazy Yiuf.
Crazy Yiuf is poisoned.
Crazy Yiuf hits you with a +4 quarterstaff of chaos!
Ouch! That really hurt!
* * * LOW HITPOINT WARNING * * *
Throw: 2 darts (poison)
Press: ? - help, Q - select action Shift-Dir - straight line, f/p - Crazy Yiuf
Aim: Crazy Yiuf, wielding a +4 quarterstaff of chaos and wearing a +0 cloak (lightly wounded, poisoned, 60% to hit)
You throw a poisoned dart.
The poisoned dart barely misses Crazy Yiuf.
Crazy Yiuf misses you.
You barely miss Crazy Yiuf.
Crazy Yiuf is lightly wounded.
Crazy Yiuf waves his quarterstaff at you.
Crazy Yiuf completely misses you.
You barely miss Crazy Yiuf.
Crazy Yiuf is lightly wounded.
Crazy Yiuf says, "Shower!
Scoff rumpyflump return to song."
Crazy Yiuf misses you.
Crazy Yiuf hits you with a +4 quarterstaff of chaos.
* * * LOW HITPOINT WARNING * * *
You sock Crazy Yiuf!
Crazy Yiuf is heavily wounded.
Crazy Yiuf looks more healthy.
Crazy Yiuf misses you.
You hit Crazy Yiuf but do no damage.
Crazy Yiuf is severely wounded.
Crazy Yiuf hits you with a +4 quarterstaff of chaos!
You die...

...# #............# #
...# #...[........# #
...# #............# #
...# ############## #
...# # ##.# ###♣♣♣♣♣
########## #.##
##.)..♣.♣♣♣ ###
#.........
#..###....♣.♣..♣#...#
##########
##....^....♣♣♣♣@g..(#
#####....♣♣ ♣♣#..)#
####♣♣ ###


You could see Crazy Yiuf.

Vanquished Creatures
  3 gnolls
  3 adders (D:2)
  A worm (D:2)
  9 ball pythons
  6 endoplasms
  2 giant cockroaches (D:1)
  10 hobgoblins
  6 jackals
  5 kobolds
  2 quokkas (D:1)
  2 bats
  3 frilled lizards
  2 goblins
  4 rats (D:1)
58 creatures vanquished.

Vanquished Creatures (others)
  A plant (D:1)
1 creature vanquished.

Grand Total: 59 creatures vanquished

Notes
Turn   | Place    | Note
-------+----------+-------------------------------------------
     0 | D:1      | Dittersdorf the Gargoyle Fighter began the quest for the
                  | Orb.
     0 | D:1      | Reached XP level 1. HP: 14/14 MP: 1/1
    48 | D:1      | Reached XP level 2. HP: 14/19 MP: 2/2
   489 | D:1      | Reached XP level 3. HP: 23/23 MP: 3/3
   699 | D:1      | Found a faded altar of an unknown god.
  1069 | D:1      | Reached XP level 4. HP: 23/29 MP: 4/4
  1080 | D:2      | Found a snail-covered altar of Cheibriados.
  1387 | D:2      | Identified the +4 ring mail "Ceuffade" {rF++ rC+++}
  1451 | D:2      | Identified the +5 spear of the Common Good {heavy, Int+2}
  1516 | D:2      | Reached XP level 5. HP: 33/33 MP: 5/5
  1537 | D:2      | Identified the +5 hammer of Asexe {spect, *Noise rC+ rCorr
                  | Str+3}
  1541 | D:2      | Found a runed translucent door.
  1542 | D:2      | Noticed Crazy Yiuf
  2112 | D:2      | Slain by Crazy Yiuf

Illustrated notes

Levels and vault maps discovered:
D:1:      amcnicky_arrival_wind_blow, layout_basic,
          shapermc_ecumenical_altar_petra, minmay_statues_item,
          skrybe_limestone_x
D:2:      layout_basic, basic_altar, kennysheep_generic_room_16,
          uniq_crazy_yiuf_cottage

Skill      XL: |  1  2  3  4  5 |
---------------+----------------+-----
Armour         | 4 |  4.1
Fighting       | 4 |  4.1
Shields        | 4 |  4.1
Maces & Flails | 3 |  3.0

Action                     |  1- 3 |  4- 6 || total
---------------------------+-------+-------++-------
  Melee: Flail             |   131 |   101 ||   232
  Throw: Dart              |       |     4 ||     4
 Armour: Scale mail        |    68 |     4 ||    72
         Chain mail        |       |    10 ||    10
         Ring mail         |       |    18 ||    18
  Dodge: Dodged            |    88 |    92 ||   180
  Block: Buckler           |    34 |    25 ||    59

Table legend: (Time is in decaauts)
 A = Elapsed time spent in this place.
 B = Non-inter-level travel time spent in this place.
 C = Inter-level travel time spent in this place.
 D = Time resting spent in this place.
 E = Time spent auto-exploring this place.
 F = Levels seen in this place.
 G = Mean time per level.
                   A        B        C        D        E       F      G
               +--------+--------+--------+--------+--------+-----+--------+
         Total |   2187 |   2129 |     58 |      6 |   1589 |   2 | 1093.5 |
       Dungeon |   2187 |   2129 |     58 |      6 |   1589 |   2 | 1093.5 |
               +--------+--------+--------+--------+--------+-----+--------+

Top non-repeatable levels by time:
     D:1: 1121 daAuts
     D:2: 1066 daAuts
